Map: Blueshift LE

Players

Yocto - Winner!

  • Race: Zerg Zerg
  • League: Platinum
  • Spawn Location: 7:00

snapperlure

  • Race: Protoss Protoss
  • League: Platinum
  • Spawn Location: 1:00

VOD

Have the link to the VOD?

Description

Time

  • Played on: Dec. 21, 2018, 10:30 a.m.
  • Length: 10:00
Show
View Real Time Build Order
Export as new Build Order

Yocto Zerg - Winner!

Build Orders: Hatch First 

Get SALT Encoding   

  12  0:01  Drone  
  13  0:16  Overlord  
  13  0:20  Drone  
  14  0:36  Drone x2  
  14  0:38  Drone  
  17  0:58  Hatchery  
  16  1:04  Drone  
  16  1:05  Drone  
  18  1:12  Drone  
  18  1:16  Extractor  
  18  1:23  Spawning Pool  
  17  1:32  Drone  
  18  1:33  Drone  
  19  1:46  Overlord  
  19  1:57  Drone  
  20  2:11  Queen  
  20  2:13  Queen  
  24  2:16  Zergling x2  
  25  2:24  Drone x3  
  28  2:30  Drone  
  29  2:50  Queen  
  31  2:57  Roach Warren, Drone x3  
  31  2:58  Drone x2  
  35  3:01  Extractor  
  35  3:03  Overlord  
  34  3:11  Drone x2  
  36  3:16  Spore Crawler  
  36  3:21  Overlord x3  
  36  3:25  Drone  
  37  3:40  Roach x5  
  47  3:51  Spine Crawler  
  46  3:56  Roach  
  46  3:57  Roach x3  
  54  4:12  Roach x2  
  54  4:13  Roach x3  
  63  4:17  Metabolic Boost  
  63  4:23  Zergling x6  
  66  4:30  Spore Crawler  
  65  4:33  Spore Crawler  
  64  4:39  Spore Crawler  
  64  4:40  Zergling x2  
  64  4:41  Zergling x4  
  66  4:54  Overlord  
  66  5:00  Drone  
  67  5:15  Roach x2  
  67  5:16  Roach x2  
  67  5:18  Overlord x3  
  69  5:32  Roach x2  
  69  5:33  Roach x2  
  68  5:40  Zergling x6  
  68  5:51  Roach x3  
  72  5:59  Zergling x6  
  75  6:21  Drone x3  
  78  6:41  Drone  
  78  6:42  Drone x6  
  78  6:44  Lair  
  85  6:48  Drone  
  86  7:03  Extractor  
  86  7:04  Drone x2  
  86  7:05  Drone  
  88  7:12  Extractor, Drone  
  88  7:15  Drone x3  
  90  7:18  Drone x2  
  93  7:38  Hatchery  
  93  7:44  Overseer  
  92  7:47  Hydralisk Den  
  92  7:50  Queen  
  93  8:02  Drone  
  93  8:03  Drone x6  
  93  8:04  Overlord x4  
  93  8:05  Overlord  
  100  8:13  Glial Reconstitution  
  100  8:15  Evolution Chamber  
  99  8:32  Lurker Den  
  99  8:33  Muscular Augments  
  98  8:38  Drone x4  
  98  8:39  Drone x3  
  98  8:41  Extractor  
  104  8:43  Hydralisk  
  104  8:46  Hydralisk x2  
  109  8:56  Hydralisk x3  
  115  9:07  Hydralisk x3  
  121  9:16  Hydralisk x2  
  121  9:17  Hydralisk x3  
  131  9:25  Hydralisk x2  
  135  9:34  Spine Crawler  
Show
View Real Time Build Order
Export as new Build Order

snapperlure Protoss 

Build Orders: Chargelot Immortal 

Get SALT Encoding   

  12  0:02  Probe  
  13  0:19  Pylon  
  13  0:21  Probe  
  13  0:24  Assimilator  
  14  0:29  Probe  
  15  0:39  Probe  
  16  0:49  Gateway  
  16  0:53  Probe  
  17  1:05  Probe  
  18  1:17  Probe  
  19  1:21  Pylon  
  19  1:28  Forge  
  19  1:33  Probe  
  19  1:37  Cybernetics Core  
  19  1:39  Zealot  
  22  1:46  Probe  
  23  1:52  Protoss Ground Weapons Level 1  
  23  2:00  Gateway  
  23  2:08  Warp Gate  
  23  2:09  Assimilator  
  23  2:14  Probe  
  24  2:16  Zealot  
  26  2:40  Twilight Council  
  26  2:42  Gateway  
  26  2:51  Stalker  
  28  2:58  Gateway  
  28  3:09  Pylon  
  28  3:11  Stalker  
  30  3:31  Charge  
  30  3:43  Zealot  
  30  3:44  Zealot  
  34  3:53  Zealot  
  34  3:54  Zealot  
  38  4:28  Pylon  
  38  4:32  Gateway  
  38  4:49  Pylon  
  38  4:51  Zealot, Pylon  
  38  4:52  Zealot x3, Pylon  
  46  5:13  Pylon  
  46  5:14  Zealot x3  
  46  5:15  Zealot  
  42  5:29  Zealot  
  28  5:42  Zealot  
  28  5:43  Zealot x2  
  28  5:49  Zealot  
  21  6:43  Robotics Facility x2  
  21  6:49  Stalker x2  
  21  6:54  Pylon  
  25  6:55  Pylon  
  25  7:01  Sentry  
  27  7:14  Protoss Ground Weapons Level 2  
  27  7:20  Immortal  
  27  7:21  Immortal  
  35  7:42  Zealot  
  35  7:43  Stalker  
  39  8:01  Pylon  
  39  8:03  Pylon  
  39  8:15  Immortal  
  39  8:26  Stalker  
  45  8:28  Immortal  
  49  9:01  Zealot x2  
  53  9:20  Zealot x2  
Tags
 
Matchup
PvZ
Replay Pack
Yocto
Spawn Locations
Cross Positions
Add a new tag
Caveats
  • Supply blocks, unpowered buildings, or Contaminate may cause inaccurate times.
  • Supply counts are checked every 10 seconds.